 Dungeon Crawl Stone Soup version 0.19.1-1-g22dce08 (webtiles) character file.

309 Alarkh the Chopper (level 6, -3/47 HPs)
             Began as a Demonspawn Monk on Jan 3, 2017.
             Slain by a scorpion (7 damage)
             ... on level 4 of the Dungeon.
             The game lasted 00:04:47 (2921 turns).

Alarkh the Chopper (Demonspawn Monk)                Turns: 2921, Time: 00:04:48

Health: -3/47      AC:  5    Str: 16    XL:     6   Next: 17%
Magic:  6/6        EV: 13    Int: 15    God:
Gold:   163        SH:  0    Dex: 14    Spells: 0 memorised, 5 levels left

rFire  + . .     SeeInvis .     a - +0 hand axe
rCold  . . .     Gourm    .     b - +0 robe
rNeg   . . .     Faith    .     (no shield)
rPois  .         Spirit   .     q - +0 helmet
rElec  .         Reflect  .     (no cloak)
rCorr  .         Harm     .     (no gloves)
MR     .....                    (no boots)
Stlth  ++........               j - amulet of regeneration
                                (no ring)
                                (no ring)

@: mighty, lethally poisoned (-3 -> -3), flying
A: iridescent scales 1, clever 1, clumsy 1, fire resistance 1, powered by death
1
a: no special abilities


You were on level 4 of the Dungeon.
You were not hungry.

You visited 1 branch of the dungeon, and saw 4 of its levels.

You collected 163 gold pieces.

Inventory:

Hand Weapons
 a - a +0 hand axe (weapon)
Armour
 b - a +0 robe (worn)
 q - a +0 helmet (worn)
Jewellery
 j - an amulet of regeneration (around neck)
 s - an uncursed amulet of guardian spirit
Scrolls
 d - a scroll of remove curse
 k - a scroll of fog
 l - a scroll of recharging
Potions
 n - a potion of resistance {unknown}
 p - a potion of brilliance {unknown}
 r - a potion of flight
Comestibles
 c - 3 bread rations
 f - 5 chunks of flesh
 h - 3 fruits
 i - 2 meat rations
 o - 2 slices of pizza


   Skills:
 - Level 3.0 Fighting
 + Level 6.3 Axes
 - Level 2.6 Dodging
 - Level 1.7 Stealth


You had 5 spell levels left.
You didn't know any spells.

Dungeon Overview and Level Annotations

Branches:
Dungeon (4/15)
 Temple: D:4-7

Altars:
Fedhas
Uskayaw


Innate Abilities, Weirdness & Mutations

You are partially covered in iridescent scales. (AC +2)
You regenerate a little health from kills.
Your mind is acute. (Int +2)
You are clumsy. (Dex -2)
Your flesh is heat resistant. (rF+)


Message History

You feel sick. The worker ant closely misses you. The worker ant bites you.
You are more poisoned.
The worker ant poisons you! The scorpion stings you.
* * * LOW HITPOINT WARNING * * *
You feel very mighty all of a sudden.
You feel sick. The worker ant bites you.
* * * LOW HITPOINT WARNING * * *
The scorpion stings you but does no damage.
You barely miss the scorpion.
The scorpion is heavily wounded.
You slash the worker ant!
You feel sick. The worker ant barely misses you. The scorpion stings you.
* * * LOW HITPOINT WARNING * * *
You slash the worker ant!
You kill the worker ant!
You hit the scorpion.
You feel sick. The scorpion barely misses you.
You closely miss the scorpion.
The scorpion is severely wounded.
You feel sick. The scorpion stings you!
You die...

#.#§# #.#.# #(#
###.#.#####.#
#<..#.....#.#
#########.#.# #
#.....(#.#.#.###
#...#%#...+
#..##.†...#
#..#.@s.#
#..#....#
#.......#
#.........#
#.......###
#..#!...#
####....# +....#
#....#


You could see a scorpion.

Vanquished Creatures
  2 centaur skeletons
  3 worker ants
  7 adders
  4 worms
  A dart slug (D:1)
  2 leopard geckos
  5 orcs (D:3)
  6 giant cockroaches
  8 goblins
  10 hobgoblins
  7 jackals
  2 quokkas
  2 ball pythons (D:1)
  13 bats
  A frilled lizard (D:2)
  14 kobolds
  7 rats
94 creatures vanquished.

Vanquished Creatures (others)
  An ooze (D:2)
  5 toadstools (D:1)
6 creatures vanquished.

Grand Total: 100 creatures vanquished

Notes
Turn   | Place    | Note
-------+----------+-------------------------------------------
     0 | D:1      | Alarkh the Demonspawn Monk began the quest for the Orb.
     0 | D:1      | Reached XP level 1. HP: 18/18 MP: 1/1
    28 | D:1      | Reached skill level 3 in Axes
    39 | D:1      | Gained mutation: You regenerate a little health from kills. [demonic ancestry]
    39 | D:1      | Reached XP level 2. HP: 9/24 MP: 2/2
   855 | D:2      | Reached XP level 3. HP: 20/29 MP: 3/3
   867 | D:2      | Reached skill level 4 in Axes
   972 | D:2      | Gained mutation: You are partially covered in iridescent scales. (AC +2) [demonic ancestry]
   972 | D:2      | Reached XP level 4. HP: 27/35 MP: 4/4
  1242 | D:2      | Found a faded altar of an unknown god.
  1303 | D:2      | Became a worshipper of Uskayaw the Reveler
  1303 | D:2      | Reached * piety under Uskayaw
  1303 | D:2      | Reached ** piety under Uskayaw
  1304 | D:2      | Fell from the grace of Uskayaw
  1809 | D:3      | Reached skill level 5 in Axes
  2102 | D:3      | Reached XP level 5. HP: 8/41 MP: 5/5
  2202 | D:3      | Found a blossoming altar of Fedhas.
  2849 | D:4      | Reached skill level 6 in Axes
  2900 | D:4      | Reached XP level 6. HP: 40/47 MP: 6/6
  2917 | D:4      | Gained mutation: Your mind is acute. (Int +2) [potion of mutation]
  2917 | D:4      | Gained mutation: Your flesh is heat resistant. (rF+) [potion of mutation]
  2917 | D:4      | Gained mutation: You are clumsy. (Dex -2) [potion of mutation]
  2921 | D:4      | Slain by a scorpion

Skill      XL: |  1  2  3  4  5 |
---------------+----------------+-----
Axes           | 3 4 5 6 |  6.3
Fighting       | |  3.0
Dodging        | |  2.6
Stealth        | |  1.7

Action                   |  1- 3 |  4- 6 || total
-------------------------+-------+-------++-------
Melee: Hand axe          |   146 |   301 ||   447
Invok: Renounce Religion |       |     1 ||     1
  Use: Potion            |     1 |     5 ||     6
       Scroll            |       |     8 ||     8
 Stab: Sleeping          |     5 |     6 ||    11
       Distracted        |       |     1 ||     1
  Eat: Chunk             |       |     7 ||     7
Armor: Robe              |    39 |   108 ||   147
       Skin              |       |    13 ||    13
Dodge: Dodged            |   133 |   226 ||   359
